 Dungeon Crawl Stone Soup version 0.28-a0-1506-g3893175d92 (webtiles) character file.

Game seed: 15603090342620435977

2830 Ijustatesigmund the Cleaver (level 9, -3/82 HPs)
             Began as a Hill Orc Fighter on Jan 14, 2022.
             Was a Believer of Cheibriados.
             Killed from afar by a raiju (11 damage)
             ... with a living lightning
             ... on level 1 of the Abyss.
             The game lasted 00:10:25 (5259 turns).

Ijustatesigmund the Cleaver (Hill Orc Fighter)      Turns: 5259, Time: 00:10:25

Health: -3/82      AC: 13    Str: 33    XL:     9   Next: 73%
Magic:  15/15      EV: 10    Int: 13    God:    Cheibriados [**....]
Gold:   229        SH:  5    Dex: 19    Spells: 8/8 levels left

rFire   + . .      SeeInvis .   a - +1 war axe
rCold   + + .      Faith    .   c - +0 buckler
rNeg    . . .      Spirit   .   b - +2 ring mail "Peismo Xyi" {Str+5 Dex+4}
rPois   .          Reflect  .   (no helmet)
rElec   .          Harm     .   r - scarf {rC+ rF+}
rCorr   .          Rampage  .   o - +1 pair of gloves
Will    .....                   j - +2 pair of boots
Stlth   +.........              i - amulet of regeneration
HPRegen 1.03/turn               l - ring of protection from cold
MPRegen 0.14/turn               (no ring)

@: brilliant, slowed, very slow
A: no striking features
a: Renounce Religion, Bend Time


You were on level 1 of the Abyss.
You worshipped Cheibriados.
Cheibriados was pleased with you.
You visited 2 branches of the dungeon, and saw 8 of its levels.
You visited the Abyss 1 time.

You collected 229 gold pieces.

Inventory:

Hand Weapons
 a - a +1 war axe (weapon)
 d - a +1 flail of holy wrath
Armour
 b - the +2 ring mail "Peismo Xyi" (worn) {Str+5 Dex+4}
   (You found it on level 3 of the Dungeon)

   Str:       It affects your strength (+5).
   Dex:       It affects your dexterity (+4).
 c - a +0 buckler (worn)
 j - a +2 pair of boots (worn)
 o - a +1 pair of gloves (worn)
 r - a scarf of resistance (worn)
Jewellery
 e - an amulet of the acrobat
 i - an amulet of regeneration (around neck)
 l - a ring of protection from cold (left hand)
Wands
 f - a wand of polymorph (5)
 q - a wand of iceblast (12)
Scrolls
 h - a scroll of teleportation
 m - a scroll of blinking
 s - a scroll of holy word {unknown}
Potions
 k - a potion of lignification
 n - a potion of mutation


   Skills:
 + Level 8.8 Fighting
 + Level 12.0 Axes
 - Level 3.2 Armour
 - Level 3.2 Shields
 + Level 8.7 Invocations


You had 8 spell levels left.
You didn't know any spells.
Your spell library contained the following spells:

 Spells                   Type           Power      Damage    Failure   Level
 Sandblast                Erth           0%         2d4       50%         1
 Passwall                 Tmut/Erth      0%         N/A       63%         2
 Confusing Touch          Hex            0%         N/A       86%         3
 Ozocubu's Armour         Ice            0%         N/A       86%         3
 Stone Arrow              Conj/Erth      0%         3d7       86%         3
 Summon Guardian Golem    Hex/Summ       0%         N/A       86%         3
 Metabolic Englaciation   Hex/Ice        0%         N/A       100%        5
 Yara's Violent Unravell  Hex/Tmut       0%         3d3       100%        5
 Simulacrum               Ice/Necr       0%         N/A       100%        6
 Enfeeble                 Hex            0%         N/A       100%        7
 Orb of Destruction       Conj           0%         N/A       100%        7
 Spellforged Servitor     Conj/Summ      0%         N/A       100%        7


Dungeon Overview and Level Annotations

Branches:
Dungeon (7/15)             Temple (1/1) D:4

Altars:
Ashenzari
Cheibriados
Dithmenos
Fedhas
Gozag
Kikubaaqudgha
Makhleb
Nemelex Xobeh
Okawaru
Qazlal
Ru
Sif Muna
Trog
Uskayaw
Vehumet
Wu Jian
Xom
Yredelemnul
Zin
The Shining One
Lugonu

Portals:
Abyss: D:7


Message History

Your transformation is almost over.
You start resting.
A raiju is nearby!
A raiju comes into view.
The raiju barks!
You hear a bark!
The raiju bursts into living lightning!
The living lightning hits you!
The raiju blinks!
You hear a bark!
You closely miss the raiju.
The raiju bursts into living lightning!
The living lightning hits you!
The raiju blinks!
The raiju bursts into living lightning!
The living lightning hits you!
* * * LOW HITPOINT WARNING * * *
The living lightning hits the raiju.
The raiju completely resists.
The raiju blinks! x3; The raiju bites you but does no damage.
You closely miss the raiju. You barely miss the raiju.
The raiju bursts into living lightning!
The living lightning hits you.
* * * LOW HITPOINT WARNING * * *
The raiju blinks!
The raiju bursts into living lightning!
The living lightning hits you!
* * * LOW HITPOINT WARNING * * *
The raiju blinks!
A raiju comes into view.
The raiju bites you.
* * * LOW HITPOINT WARNING * * *
The raiju shocks you!
* * * LOW HITPOINT WARNING * * *
It was a potion of brilliance.
You feel clever all of a sudden.
You feel less wooden.
Your scarf of resistance unmelds from your body.
Your +1 pair of gloves unmelds from your body.
Your +2 pair of boots unmelds from your body.
The +2 ring mail "Peismo Xyi" {Str+5 Dex+4} unmelds from your body.
You feel resistant to extremes of temperature.
The raiju bursts into living lightning!
The living lightning hits you!
You die...

## ##h##
#..@#
#....h#
#......
.'......#.
.......#.#.
.#..... #
#h ..#...#
.. ......
..


You could see 3 raiju.

Vanquished Creatures
  Pikel (D:5)
  Sigmund (D:5)
  Menkaure (D:6)
  Edmund (D:6)
  2 water moccasins
  2 black bears
  A hornet zombie (D:6)
  2 necrophages
  A phantom (D:4)
  A lemure (D:5)
  A kobold brigand (D:4)
  2 bullfrogs
  A wyvern skeleton (D:5)
  3 killer bees (D:7)
  4 wights (D:6)
  2 howler monkeys (D:7)
  A centaur zombie (D:5)
  A bullfrog skeleton (D:4)
  3 orc priests (D:5)
  A centaur skeleton (D:5)
  Jessica (D:2)
  An iguana (D:5)
  5 orc wizards
  A scorpion zombie (D:5)
  A killer bee zombie (D:7)
  7 adders
  4 gnolls
  A shadow imp (D:6)
  A white imp (D:6)
  An adder zombie (D:5)
  An adder skeleton (D:4)
  2 worms
  6 dart slugs
  9 orcs
  4 endoplasms
  5 giant cockroaches
  9 goblins
  8 hobgoblins
  9 jackals
  13 kobolds
  4 quokkas
  7 ball pythons
  3 bats
  A frilled lizard (D:1)
  2 rats (D:1)
138 creatures vanquished.

Notes
Turn   | Place    | Note
-------+----------+-------------------------------------------
     0 | D:1      | Ijustatesigmund the Hill Orc Fighter began the quest for
                  | the Orb.
     0 | D:1      | Reached XP level 1. HP: 19/19 MP: 1/1
    66 | D:1      | Reached skill level 3 in Axes
    93 | D:1      | Reached XP level 2. HP: 26/26 MP: 2/2
   110 | D:1      | Reached skill level 4 in Axes
   429 | D:1      | Reached XP level 3. HP: 31/31 MP: 3/3
   483 | D:1      | Found a faded altar of an unknown god.
   831 | D:1      | Reached skill level 5 in Axes
  1072 | D:2      | Found a shadowy altar of Dithmenos.
  1700 | D:2      | Noticed Jessica
  1703 | D:2      | Killed Jessica
  1704 | D:2      | Reached skill level 6 in Axes
  1704 | D:2      | Reached XP level 4. HP: 31/39 MP: 4/4
  1903 | D:3      | Identified the +2 ring mail "Peismo Xyi" {Str+5 Dex+4}
  2358 | D:3      | Reached XP level 5. HP: 41/45 MP: 5/5
  2527 | D:4      | Noticed a phantom
  2536 | D:4      | Killed a phantom
  2537 | D:4      | Reached skill level 7 in Axes
  2563 | D:4      | Reached skill level 8 in Axes
  2563 | D:4      | Reached XP level 6. HP: 51/51 MP: 6/6
  2793 | D:4      | Found an ancient bone altar of Kikubaaqudgha.
  2873 | D:4      | Found a staircase to the Ecumenical Temple.
  3014 | Temple   | Entered the Ecumenical Temple
  3165 | Temple   | Became a worshipper of Cheibriados the Contemplative
  3196 | D:5      | Entered Level 5 of the Dungeon
  3411 | D:4      | Reached skill level 1 in Invocations
  3576 | D:5      | Reached XP level 7. HP: 58/60 MP: 8/8
  3636 | D:5      | Noticed Sigmund
  3662 | D:5      | Killed Sigmund
  3663 | D:5      | Reached skill level 5 in Fighting
  3663 | D:5      | Reached skill level 9 in Axes
  3750 | D:5      | Reached * piety under Cheibriados
  3949 | D:5      | Found a hide-covered altar of Uskayaw.
  4053 | D:5      | Reached XP level 8. HP: 43/70 MP: 11/11
  4073 | D:5      | Reached skill level 5 in Invocations
  4102 | D:5      | Found a shimmering blue altar of Sif Muna.
  4169 | D:6      | Noticed Pikel
  4173 | D:5      | Reached skill level 10 in Axes
  4299 | D:5      | Killed Pikel
  4300 | D:5      | Reached XP level 9. HP: 36/79 MP: 12/14
  4344 | D:6      | Noticed Menkaure
  4460 | D:6      | Reached skill level 11 in Axes
  4487 | D:6      | Killed Menkaure
  4693 | D:5      | Reached ** piety under Cheibriados
  4816 | D:6      | Noticed Edmund
  4824 | D:6      | Killed Edmund
  4872 | D:6      | Found a burning altar of Makhleb.
  5132 | D:7      | Reached skill level 12 in Axes
  5171 | D:7      | Found a one-way gate to the infinite horrors of the Abyss.
  5200 | D:7      | Found a large runed translucent door.
  5200 | D:7      | Found a large runed translucent door.
  5202 | D:7      | Found a corrupted altar of Lugonu.
  5232 | D:7      | Cast into level 1 of the Abyss (kobold brigand)
  5259 | Abyss:1  | Killed from afar by a raiju

Illustrated notes

Levels and vault maps discovered:
D:1:      amcnicky_arrival_choice, layout_rooms,
          hellmonk_ecumenical_altar_crossroads
D:2:      layout_loops_ring, basic_altar, uniq_jessica
D:3:      layout_basic
D:4:      layout_cave_pools, mainiacjoe_overflow_tiny_flanked,
          minmay_temple_entry_ruins
D:5:      layout_gridville, nicolae_uskayaw_dance_hall, led_sif_pool,
          st_stairs_3, kennysheep_generic_room_7, uniq_sigmund
D:6:      layout_cave_pools, lemuel_doored_altar, minmay_holes,
          minmay_misc_feat_hallway, glass_columns_b, uniq_menkaure, uniq_pikel,
          uniq_edmund
D:7:      due_chaos_kobolds, layout_gridville, amethyst_overflow_temple_binary
Temple:   nicolae_temple_elliptical
Abyss:1:  base: Temple, hangedman_abyss_monster_moat

Skill      XL: |  1  2  3  4  5  6  7  8  9 |
---------------+----------------------------+-----
Axes           | 3 4 6 8 9 10 12 | 12.0
Fighting       | 4 5 7 8 |  8.8
Invocations    | 2 4 6 8 |  8.7
Armour         | |  3.2
Shields        | |  3.2

Action                   |  1- 3 |  4- 6 |  7- 9 || total
-------------------------+-------+-------+-------++-------
Melee: War axe           |   114 |   120 |   174 ||   408
Evoke: Wand              |       |       |     2 ||     2
  Use: Scroll            |       |     8 |     7 ||    15
       Potion            |       |       |     9 ||     9
Armor: Scale mail        |    22 |       |       ||    22
       Chain mail        |    36 |       |       ||    36
       Ring mail         |       |    52 |   104 ||   156
       Skin              |       |       |     6 ||     6
Dodge: Dodged            |    54 |    64 |    76 ||   194
Block: Buckler           |    17 |    38 |    37 ||    92

Table legend: (Time is in decaauts)
 A = Elapsed time spent in this place.
 B = Non-inter-level travel time spent in this place.
 C = Inter-level travel time spent in this place.
 D = Time resting spent in this place.
 E = Time spent auto-exploring this place.
 F = Levels seen in this place.
 G = Mean time per level.
                   A        B        C        D        E       F      G
               +--------+--------+--------+--------+--------+-----+--------+
         Total |   5781 |   5539 |    242 |    554 |   3821 |   9 |  642.3 |
       Dungeon |   5577 |   5365 |    212 |    521 |   3703 |   7 |  796.7 |
        Temple |    164 |    134 |     30 |      0 |    118 |   1 |  164.0 |
         Abyss |     39 |     39 |      0 |     33 |      0 |   1 |   39.0 |
               +--------+--------+--------+--------+--------+-----+--------+

Top non-repeatable levels by time:
     D:5: 1179 daAuts
     D:1: 993 daAuts
     D:2: 856 daAuts
     D:4: 830 daAuts
     D:3: 678 daAuts
     D:6: 671 daAuts
     D:7: 367 daAuts
  Temple: 164 daAuts
 Abyss:1: 39 daAuts
